Map: Acolyte LE

Players

GuMiho - Winner!

  • Race: Terran Terran
  • Spawn Location: 7:00

Serral

  • Race: Zerg Zerg
  • Spawn Location: 1:00

Event: 2017 WCS Global Finals

VOD

Have the link to the VOD?

Description

Time

  • Played on: Oct. 29, 2017, 5:29 p.m.
  • Length: 6:24

All games in this series

Show
View Real Time Build Order
Export as new Build Order

GuMiho Terran - Winner!

Build Orders: Command Center First (CC), Mech 

Get SALT Encoding   

  12  0:00  SCV  
  13  0:12  SCV  
  14  0:17  Supply Depot  
  14  0:24  SCV  
  15  0:38  SCV  
  16  0:50  SCV  
  17  0:59  Command Center  
  17  1:02  SCV  
  18  1:12  Barracks  
  18  1:16  SCV  
  19  1:21  Refinery  
  19  1:28  SCV  
  19  1:29  Refinery  
  20  1:40  SCV  
  21  1:52  SCV  
  22  1:59  Marine  
  23  2:04  Orbital Command  
  23  2:08  Factory  
  23  2:14  Orbital Command  
  23  2:18  Barracks Reactor  
  23  2:25  Supply Depot  
  23  2:29  SCV  
  24  2:39  SCV  
  24  2:41  SCV  
  26  2:51  Widow Mine, SCV  
  26  2:52  Starport  
  26  2:53  SCV  
  26  2:55  Marine  
  26  2:56  Marine  
  32  3:03  SCV  
  32  3:05  Supply Depot  
  33  3:06  SCV  
  34  3:12  Marine  
  34  3:13  Supply Depot  
  34  3:14  Marine  
  34  3:16  SCV  
  34  3:18  SCV  
  38  3:21  Factory Tech Lab  
  38  3:28  Medivac, SCV  
  38  3:30  SCV, Marine  
  38  3:32  Marine  
  44  3:39  Siege Tank  
  44  3:40  SCV  
  48  3:42  SCV  
  48  3:44  Supply Depot  
  48  3:48  Marine  
  49  3:50  Marine  
  51  3:57  SCV x2  
  51  3:58  Medivac  
  55  4:06  Marine  
  55  4:08  Marine  
  55  4:09  SCV x2  
  59  4:12  Command Center  
  59  4:16  Siege Tank  
  62  4:20  Supply Depot  
  62  4:21  SCV  
  62  4:22  SCV  
  64  4:26  Marine x2  
  64  4:28  Medivac  
  69  4:46  SCV x2  
  69  4:48  Refinery  
  69  4:49  Refinery  
  69  4:50  Supply Depot  
  69  4:52  Supply Depot  
  68  4:58  SCV x2  
  68  4:59  Hellion x2  
  74  5:05  Armory  
  74  5:06  Armory  
  74  5:11  SCV x2  
  76  5:20  Hellion x2  
  80  5:24  Viking  
  80  5:25  SCV x2  
  80  5:26  Orbital Command  
  80  5:28  Factory  
  84  5:37  SCV x2  
  84  5:38  Barracks Tech Lab  
  84  5:41  Factory  
  86  5:43  Supply Depot, Hellion  
  86  5:44  Hellion, Engineering Bay  
  86  5:49  SCV  
  92  5:50  SCV  
  90  6:10  SCV x2  
  90  6:17  Factory  
Show
View Real Time Build Order
Export as new Build Order

Serral Zerg 

Build Orders: Hatch First 

Get SALT Encoding   

  12  0:00  Drone  
  13  0:14  Overlord  
  13  0:17  Drone  
  14  0:32  Drone  
  14  0:33  Drone  
  16  0:36  Drone  
  17  0:53  Hatchery  
  17  0:55  Drone  
  17  0:58  Drone  
  18  1:10  Extractor  
  17  1:13  Spawning Pool  
  17  1:16  Drone  
  17  1:19  Drone  
  18  1:30  Drone  
  19  1:40  Overlord  
  19  1:51  Drone  
  20  1:59  Queen  
  22  2:02  Zergling x2  
  22  2:05  Queen, Zergling x2  
  26  2:09  Metabolic Boost  
  26  2:13  Drone  
  27  2:16  Drone  
  28  2:23  Drone  
  29  2:31  Drone  
  29  2:35  Queen  
  32  2:43  Overlord, Drone  
  33  2:47  Pneumatized Carapace  
  33  2:49  Drone x2  
  35  3:02  Hatchery  
  34  3:09  Drone x3  
  34  3:11  Drone  
  38  3:14  Drone  
  38  3:16  Drone  
  38  3:19  Overlord  
  40  3:22  Drone  
  40  3:24  Zergling x2  
  40  3:26  Drone  
  43  3:37  Queen, Overlord  
  43  3:38  Drone  
  43  3:40  Drone  
  47  3:42  Drone  
  47  3:45  Drone  
  47  3:46  Drone  
  50  3:49  Drone x2  
  50  3:55  Overlord  
  52  3:59  Drone x2  
  54  4:05  Zergling x4  
  56  4:14  Zergling x2  
  56  4:15  Zergling x2  
  58  4:17  Queen  
  58  4:19  Queen  
  58  4:20  Zergling x6  
  58  4:23  Spore Crawler, Overlord  
  58  4:24  Drone  
  65  4:28  Drone x3  
  65  4:30  Drone  
  67  4:41  Drone x2  
  67  4:45  Drone  
  69  4:47  Lair  
  69  4:49  Extractor, Overlord  
  69  4:50  Baneling Nest, Drone x3  
  69  4:51  Drone  
  71  4:57  Extractor  
  71  4:58  Overlord  
  70  5:00  Evolution Chamber x2  
  70  5:02  Zergling x6  
  70  5:03  Drone  
  72  5:11  Drone x2  
  74  5:16  Drone  
  74  5:20  Overlord  
  74  5:21  Drone x2  
  77  5:24  Zergling x4  
  77  5:26  Hatchery  
  78  5:33  Zergling x6  
  81  5:36  Overlord  
  81  5:37  Drone  
  81  5:40  Drone x3  
  85  5:44  Overlord  
  85  5:48  Drone  
  86  5:50  Drone x2  
  86  5:54  Zergling x4  
  86  5:55  Zergling x2  
  86  6:03  Drone  
  86  6:04  Drone x3  
  80  6:07  Drone x2  
Tags
 
Add a new tag
Caveats
  • Supply blocks, unpowered buildings, or Contaminate may cause inaccurate times.
  • Supply counts are checked every 10 seconds.